Map: Deathaura LE

Players

FireFoX

  • Race: Zerg Zerg
  • Spawn Location: 11:00

Scarlett - Winner!

  • Race: Zerg Zerg
  • Spawn Location: 5:00

Event: DreamHack SC2 Masters 2020 Summer North America

VOD

Have the link to the VOD?

Description

Time

  • Played on: July 4, 2020, 3:28 p.m.
  • Length: 8:53

All games in this series

Show
View Real Time Build Order
Export as new Build Order

FireFoX Zerg 

Build Orders: Hatch First 

Get SALT Encoding   

  12  0:01  Drone  
  13  0:08  Drone  
  14  0:18  Overlord  
  14  0:24  Drone, Extractor  
  15  0:37  Drone x2  
  17  0:53  Hatchery  
  16  0:57  Drone  
  16  1:00  Extractor  
  16  1:01  Drone  
  17  1:16  Spawning Pool  
  16  1:19  Drone  
  17  1:27  Overlord  
  17  2:03  Zergling x6  
  17  2:04  Metabolic Boost  
  17  2:05  Queen  
  17  2:06  Zergling x2  
  23  2:12  Queen  
  23  2:14  Drone  
  26  2:19  Drone  
  27  2:29  Drone  
  28  2:31  Zergling x2  
  28  2:36  Zergling x2  
  30  2:44  Drone  
  31  2:57  Drone x2  
  33  3:03  Hatchery  
  32  3:08  Roach Warren, Zergling x4  
  31  3:20  Drone x2  
  31  3:22  Zergling x2  
  31  3:23  Zergling x4  
  35  3:34  Overlord  
  35  3:47  Overlord  
  35  3:53  Drone x3  
  35  3:54  Drone  
  39  4:00  Drone x2  
  39  4:01  Drone  
  42  4:06  Roach  
  42  4:07  Roach x3  
  49  4:17  Evolution Chamber  
  48  4:20  Lair  
  48  4:29  Drone x2  
  48  4:30  Drone  
  51  4:32  Hatchery  
  51  4:33  Overlord  
  51  4:34  Extractor  
  49  4:42  Zerg Missile Weapons Level 1  
  49  4:52  Drone x3, Extractor  
  51  4:53  Extractor  
  51  4:54  Drone x3  
  53  5:11  Drone x6  
  59  5:16  Overlord x2  
  59  5:19  Glial Reconstitution  
  59  5:20  Overseer  
  59  5:33  Overlord  
  59  5:36  Roach  
  59  5:37  Roach x3  
  67  5:46  Drone  
  67  5:47  Drone x5  
  67  5:49  Overlord  
  73  5:53  Drone  
  74  5:59  Drone  
  74  6:00  Drone  
  76  6:05  Queen  
  76  6:07  Overlord  
  76  6:10  Overlord  
  78  6:14  Roach  
  78  6:15  Roach x3  
  86  6:24  Overlord x3  
  86  6:26  Roach  
  86  6:30  Ravager x3  
  91  6:34  Roach x2  
  91  6:35  Roach  
  91  6:36  Roach  
  97  6:56  Drone x10  
  97  7:00  Roach  
  97  7:01  Roach  
  111  7:07  Drone  
  111  7:08  Drone, Spire  
  112  7:15  Roach x3  
  109  7:23  Roach x4  
  109  7:26  Roach  
  118  7:30  Roach x2  
  118  7:31  Roach  
  118  7:36  Roach x2  
  128  7:41  Roach  
  128  7:42  Roach x3  
  121  7:46  Roach x2  
  121  7:49  Roach  
  114  7:56  Roach x2  
  102  8:00  Roach  
  102  8:04  Roach x3  
  96  8:08  Roach x3  
  96  8:09  Drone x2  
  96  8:10  Drone  
  92  8:18  Roach x3  
  92  8:22  Drone x2  
  92  8:25  Drone  
  91  8:34  Extractor  
  91  8:35  Drone x3, Extractor  
  91  8:36  Drone x2  
  91  8:38  Drone  
Show
View Real Time Build Order
Export as new Build Order

Scarlett Zerg - Winner!

Build Orders: Hatch First 

Get SALT Encoding   

  12  0:00  Drone  
  13  0:12  Overlord  
  13  0:16  Drone  
  14  0:30  Drone x2  
  16  0:47  Hatchery  
  15  0:51  Drone  
  15  0:54  Drone  
  17  0:58  Drone  
  18  1:08  Extractor  
  17  1:12  Spawning Pool  
  17  1:16  Drone  
  17  1:20  Drone  
  18  1:28  Drone  
  19  1:38  Drone  
  20  1:59  Queen x2  
  20  2:00  Zergling x6  
  27  2:01  Spine Crawler  
  26  2:12  Metabolic Boost  
  26  2:14  Overlord  
  26  2:19  Drone  
  27  2:23  Drone  
  28  2:32  Drone x3  
  31  2:39  Queen  
  33  2:44  Overlord  
  33  2:45  Drone  
  34  2:57  Zergling x4  
  36  3:08  Drone  
  36  3:09  Drone x7  
  44  3:17  Zergling x2  
  43  3:21  Zergling x2  
  43  3:22  Baneling Nest  
  42  3:29  Zergling x4  
  42  3:30  Evolution Chamber  
  43  3:39  Overlord  
  43  3:45  Zergling x2  
  44  3:56  Overlord  
  44  3:57  Queen  
  44  4:00  Drone x4  
  52  4:04  Extractor x2  
  52  4:06  Baneling x2  
  50  4:11  Zerg Missile Weapons Level 1  
  50  4:18  Drone x5  
  50  4:20  Overlord  
  52  4:32  Overlord  
  52  4:33  Roach Warren  
  52  4:34  Drone  
  52  4:40  Queen  
  52  4:42  Lair  
  52  4:45  Zergling x10  
  58  4:46  Extractor  
  57  4:56  Drone x4  
  57  4:57  Drone  
  62  5:05  Drone, Overlord  
  63  5:14  Hatchery  
  62  5:16  Drone  
  62  5:18  Drone, Overlord  
  64  5:24  Roach x2  
  64  5:25  Roach x2  
  72  5:29  Overlord  
  72  5:34  Roach x2  
  76  5:39  Roach  
  78  5:43  Glial Reconstitution  
  78  5:45  Overseer  
  78  5:46  Roach  
  78  5:47  Roach x2  
  84  5:52  Roach  
  86  6:03  Roach x4  
  92  6:23  Roach x3, Overlord x2  
  92  6:24  Zerg Missile Weapons Level 2  
  98  6:27  Overlord  
  98  6:36  Roach x3  
  98  6:39  Spire  
  103  6:41  Drone  
  103  6:44  Roach x2  
  108  6:49  Roach  
  108  6:50  Roach x2  
  112  6:55  Roach  
  112  6:56  Roach  
  112  6:58  Drone  
  117  7:02  Roach x2  
  117  7:04  Roach  
  123  7:18  Roach  
  123  7:19  Roach x2  
  129  7:28  Overlord x5  
  113  7:44  Drone x2  
  113  7:45  Drone x2  
  107  7:53  Mutalisk x6  
  107  7:57  Roach  
  103  8:02  Roach x2  
  103  8:10  Roach x4  
  101  8:14  Roach  
  101  8:16  Roach  
  101  8:18  Roach  
  97  8:29  Roach  
  97  8:30  Roach x4  
  97  8:34  Roach  
Tags
 
Add a new tag
Caveats
  • Supply blocks, unpowered buildings, or Contaminate may cause inaccurate times.
  • Supply counts are checked every 10 seconds.